Map: Goldenaura LE

Players

Subwayeatn - Winner!

  • Race: Zerg Zerg
  • League: Gold
  • Spawn Location: 12:00

avtec

  • Race: Terran Terran
  • League: Platinum
  • Spawn Location: 5:00

VOD

Have the link to the VOD?

Description

Time

  • Played on: Oct. 19, 2023, 3:58 p.m.
  • Length: 11:45
Show
View Real Time Build Order
Export as new Build Order

Subwayeatn Zerg - Winner!

Build Orders: Pool First 

Get SALT Encoding   

  12  0:19  Spawning Pool  
  11  0:22  Drone  
  11  0:27  Drone  
  13  0:31  Drone  
  14  0:41  Overlord  
  14  1:06  Zergling x2  
  14  1:11  Hatchery  
  14  1:16  Drone  
  15  1:19  Zergling x2  
  15  1:21  Zergling x2  
  17  1:29  Zergling x2  
  18  1:37  Queen  
  20  1:45  Drone  
  21  1:55  Overlord  
  21  2:05  Drone  
  22  2:20  Extractor, Queen  
  23  2:31  Drone  
  23  2:32  Drone x2  
  26  2:40  Queen  
  28  2:48  Drone x4  
  32  3:11  Overlord  
  32  3:15  Drone x4  
  36  3:31  Drone x4  
  36  3:33  Metabolic Boost  
  40  3:42  Overlord  
  40  4:02  Lair  
  40  4:07  Zergling x10  
  40  4:08  Zergling x6  
  48  4:16  Extractor  
  45  4:33  Roach Warren  
  45  4:36  Evolution Chamber  
  43  4:41  Evolution Chamber  
  42  4:51  Queen  
  35  5:16  Roach x8  
  50  5:30  Extractor, Hatchery  
  50  5:31  Extractor  
  47  5:36  Drone x2  
  47  5:37  Drone x3  
  52  5:50  Glial Reconstitution  
  52  5:53  Overlord x3  
  52  5:54  Overlord x3  
  42  6:16  Roach x3  
  42  6:18  Ravager  
  49  6:22  Drone x2  
  51  6:32  Zergling x8  
  55  6:37  Drone  
  56  6:48  Queen  
  56  6:50  Drone x2  
  56  6:51  Drone x2  
  62  7:02  Roach x7  
  74  7:20  Roach  
  74  7:21  Roach x6  
  73  7:38  Roach x6  
  85  7:46  Drone  
  86  7:55  Hydralisk Den  
  86  7:57  Ravager x2  
  87  8:03  Drone x5  
  92  8:11  Ravager  
  93  8:15  Overlord  
  93  8:16  Overlord x2  
  93  8:17  Zergling x8  
  97  8:23  Zerg Missile Weapons Level 1  
  76  8:56  Zergling x2  
  76  8:57  Zergling x26  
  66  9:34  Drone x10  
  76  9:46  Zerg Ground Armor Level 1  
  76  9:47  Hydralisk  
  76  9:48  Hydralisk x2  
  76  9:52  Muscular Augments  
  82  9:53  Extractor  
  82  9:55  Hatchery  
  82  9:56  Extractor  
  79  10:02  Roach x3  
  79  10:06  Overlord  
  85  10:09  Drone x5  
  85  10:11  Extractor x2  
  88  10:22  Ravager x3  
  88  10:25  Hydralisk  
  88  10:26  Hydralisk x5  
  103  10:45  Hydralisk x5  
  103  10:46  Hydralisk x2  
  96  11:24  Zergling x2  
  96  11:25  Zergling x24  
Show
View Real Time Build Order
Export as new Build Order

avtec Terran 

Build Orders:  

Get SALT Encoding   

  12  0:00  SCV  
  13  0:12  SCV  
  14  0:20  Supply Depot  
  14  0:24  SCV  
  15  0:30  Refinery  
  15  0:41  SCV  
  16  0:47  Barracks  
  16  0:53  SCV  
  17  1:05  SCV  
  18  1:18  SCV  
  19  1:30  SCV  
  20  1:34  Reaper  
  21  1:42  Command Center  
  22  1:51  Factory  
  22  1:53  SCV  
  22  2:04  Supply Depot  
  21  2:19  Barracks Reactor  
  21  2:21  Orbital Command  
  21  2:37  Factory Reactor  
  21  2:38  Refinery  
  21  2:43  Barracks  
  21  2:57  Marine x2  
  23  2:59  SCV  
  24  3:07  Starport  
  24  3:11  SCV  
  25  3:14  Barracks  
  25  3:15  Hellion x2  
  25  3:16  Marine x2  
  31  3:26  Supply Depot  
  31  3:31  Barracks Tech Lab  
  31  3:40  Supply Depot  
  31  3:47  Marine  
  32  3:53  Stimpack  
  32  3:55  Marine x2  
  32  4:00  SCV  
  35  4:03  Barracks Reactor  
  35  4:05  Marine  
  35  4:09  Supply Depot  
  36  4:12  SCV  
  36  4:13  Marine x2  
  38  4:19  Hellion  
  38  4:21  Hellion  
  42  4:24  SCV  
  43  4:36  SCV, Supply Depot  
  44  4:46  Hellion  
  44  4:48  SCV  
  47  4:52  Barracks Reactor  
  47  4:55  Marine  
  47  4:56  Marine  
  41  5:01  SCV  
  41  5:03  Marine  
  43  5:13  Marine x2, SCV  
  45  5:19  Medivac x2  
  48  5:23  Hellion  
  48  5:24  Hellion  
  48  5:25  SCV  
  53  5:29  Supply Depot  
  53  5:33  Marine x3  
  56  5:37  SCV  
  57  5:49  SCV  
  58  5:58  Combat Shield  
  58  5:59  Medivac x2  
  47  6:15  Marine x2  
  47  6:16  Marauder, Marine  
  52  6:23  Hellion x2  
  56  6:38  Marauder  
  56  6:39  Marine  
  58  6:40  Marine x2  
  61  6:51  SCV  
  62  6:58  Armory  
  62  6:59  Marauder  
  64  7:04  SCV  
  64  7:16  SCV  
  64  7:21  Marauder  
  59  7:48  Command Center  
  59  7:49  Terran Vehicle Weapons Level 1  
  59  8:03  Marine x3  
  59  8:04  Marauder  
  64  8:06  Liberator  
  67  8:20  Refinery  
  67  8:25  Marauder  
  69  8:32  Widow Mine  
  71  8:38  Widow Mine  
  65  8:43  Marine x2  
  65  8:46  Refinery  
  65  8:47  Marauder  
  55  9:00  Marine x3  
  55  9:01  Marine  
  56  9:09  Marine  
  48  9:18  Marine  
  46  9:35  Marine x3  
  51  9:52  Concussive Shells  
  49  9:54  Orbital Command  
  49  9:55  Barracks  
  49  9:57  Factory Tech Lab, Marine  
  50  10:27  Bunker  
  50  10:29  Bunker  
  50  10:33  Marine  
  51  10:48  Marine x3  
  51  10:49  Marauder  
  56  10:51  Marine  
  50  11:06  Marine  
  50  11:11  Marauder  
  45  11:14  Marine x2  
  44  11:19  Marine  
  38  11:26  Marine  
Tags
 
Matchup
TvZ
Opening
Pool First
Replay Pack
Multiplayer
Spawn Locations
Cross Positions
Add a new tag
Caveats
  • Supply blocks, unpowered buildings, or Contaminate may cause inaccurate times.
  • Supply counts are checked every 10 seconds.